 Dungeon Crawl Stone Soup version 0.31-a0-1612-g4aaf141 (webtiles) character file.

Game seed: 14140316926690979657

14215 PublicAnimeNo1 the Covert (level 11, -3/121 HPs)
             Began as a Demonspawn Alchemist on Jan 9, 2024.
             Was a High Priest of Dithmenos.
             Slain by a minotaur
             ... wielding a +1 lajatang of speed
              (14 damage)
             ... in a Gauntlet.
             The game lasted 00:24:26 (13584 turns).

PublicAnimeNo1 the Covert (Demonspawn Alchemist)   Turns: 13584, Time: 00:24:27

Health: -3/121     AC: 13    Str: 15    XL:     11   Next: 85%
Magic:  16/20      EV: 17    Int: 19    God:    Dithmenos [*****.]
Gold:   1584       SH:  4    Dex: 14    Spells: 10/22 levels left

rFire   . . .        a - +3 dagger (drain)
rCold   . . .        (no shield)
rNeg    . . .        u - +0 acid dragon scales
rPois   .            (helmet unavailable)
rElec   .            C - +2 cloak
rCorr   +            o - +1 pair of gloves
SInv    +            L - +0 pair of boots
Will    .....        (no amulet) Stlth
                     q - +6 ring of strength
HPRegen 0.40/turn    l - +5 ring of evasion
MPRegen 0.17/turn

%: no teleportation
@: berserking, wreathed by umbra, very quick
A: antennae 3, hooves 1, powered by death 1, condensation shield
a: Renounce Religion, Shadow Step, Shadow Form


You were in a Gauntlet.
You worshipped Dithmenos.
Dithmenos was extremely pleased with you.
You visited 2 branches of the dungeon, and saw 14 of its levels.
You also visited: Gauntlet.

You collected 1584 gold pieces.

Inventory:

Hand Weapons
 a - a +3 dagger of draining (weapon)
 j - a +2 dagger of venom
Armour
 o - a +1 pair of gloves (worn)
 u - +0 acid dragon scales (worn)
 x - a +1 leather armour of cold resistance
 C - a +2 cloak (worn)
 I - a +0 troll leather armour
 K - a +2 ring mail of fire resistance
 L - a +0 pair of boots (worn)
Magical Staves
 b - a staff of alchemy
Jewellery
 c - a ring of flight
 l - a +5 ring of evasion (right hand)
 q - a +6 ring of strength (left hand)
 z - a ring of willpower
Talismans
 e - a maw talisman
Wands
 d - a wand of charming (9)
 n - a wand of iceblast (11)
 w - a wand of mindburst (7)
 y - a wand of light (1)
Scrolls
 f - 7 scrolls of immolation
 i - 2 scrolls of enchant armour
 t - a scroll of vulnerability
 B - a scroll of fog
 E - a scroll of teleportation
 F - a scroll of blinking
 G - a scroll of torment {unknown}
Potions
 g - 4 potions of lignification
 h - 2 potions of haste
 k - 2 potions of might
 m - 2 potions of attraction {unknown}
 p - 5 potions of curing
 r - 3 potions of enlightenment {unknown}
 s - 2 potions of degeneration
 A - 4 potions of ambrosia
 D - a potion of invisibility {unknown}
 H - 2 potions of magic
 J - a potion of mutation {unknown}
 M - a potion of heal wounds {unknown}


   Skills:
 - Level 6.0 Fighting
 - Level 4.0 Short Blades
 - Level 4.0 Armour
 - Level 4.0 Dodging
 + Level 9.9 Stealth
 - Level 6.0 Spellcasting
 - Level 4.0 Conjurations
 - Level 4.0 Fire Magic
 - Level 4.0 Air Magic
 - Level 9.5 Alchemy
 - Level 4.3 Invocations


You had 10 spell levels left.
You knew the following spells:

 Your Spells              Type           Power      Damage    Failure   Level
a - Sting                 Conj/Alch      100%       1d9       1%          1
b - Olgreb's Toxic Radia  Alch           41%        N/A       3%          4
c - Mephitic Cloud        Conj/Alch/Air  27%        N/A       4%          3
d - Sticky Flame          Fire/Alch      31%        2d7       10%         4

Your spell library contained the following spells:

 Spells                   Type           Power      Damage    Failure   Level
 Mercury Vapours          Alch/Air       62%        N/A       1%          2
 Jinxbite                 Hex            10%        N/A       22%         2
 Yara's Violent Unravell  Hex/Alch       11%        3d6       52%         5
 Summon Lightning Spire   Summ/Air       13%        N/A       54%         4
 Arcjolt                  Conj/Air       10%        1d20      63%         5
 Summon Forest            Summ/Tloc      2%         N/A       99%         5
 Enfeeble                 Hex            2%         N/A       100%        7


Dungeon Overview and Level Annotations

Branches:
Dungeon (12/15)            Temple (0/1) D:6            Lair (2/5) D:10
Gauntlet (1/1)
  Swamp: Lair:2-3    Shoals: Lair:2-3     Snake: Lair:2-3    Spider: Lair:2-3
    Orc: D:9-12

Altars:
Ashenzari
Dithmenos
Hepliaklqana
Okawaru
Ru
Sif Muna
Trog
Uskayaw
Vehumet
Xom

Shops:
D:2 =

Annotations:
D:3 1 runed translucent door, Kave's ghost, amateur TrSh; Sigmund
D:9 1 runed translucent door, beatlcricket's ghost, novice MiMo
Lair:1 exclusions: komodo dragon and oklob plant Gauntlet 11 transporters, 1 runed translucent door


Innate Abilities, Weirdness & Mutations

You have a pair of large antennae on your head. (SInv)
You have large cloven feet.
You regenerate a little health from kills.
A meltable shield of frost defends you. (SH +4)


Message History

You hit the minotaur but do no damage. You drain the minotaur.
The minotaur is lightly wounded.
Your shadow hits the minotaur but does no damage.
The minotaur is engulfed in noxious fumes.
The minotaur hits you with a +1 lajatang of speed!!
The minotaur barely misses you.
You strike the helpless minotaur from behind!
You impale the minotaur!! You drain the minotaur.
The minotaur is moderately wounded.
The minotaur is no longer blind.
The minotaur hits you with a +1 lajatang of speed!
* * * LOW HITPOINT WARNING * * *
The minotaur closely misses you.
You hit the minotaur but do no damage. You drain the minotaur.
The minotaur is heavily wounded.
The minotaur barely misses you. The minotaur misses you.
Okay, then.
Okay, then.
A red film seems to cover your vision as you go berserk!
You feel yourself moving faster!
You feel mighty!
The minotaur hits you but does no damage.
The minotaur gores you.
* * * LOW HITPOINT WARNING * * *
The minotaur closely misses you.
The minotaur gores you but does no damage.
You hit the minotaur but do no damage. You drain the minotaur.
The minotaur is heavily wounded.
The minotaur hits you with a +1 lajatang of speed.
* * * LOW HITPOINT WARNING * * *
The minotaur barely misses you.
You hit the minotaur but do no damage. You drain the minotaur.
The minotaur is heavily wounded.
Your shadow hits the minotaur with a dagger.
The minotaur hits you with a +1 lajatang of speed!
* * * LOW HITPOINT WARNING * * *
The minotaur barely misses you.
You hit the minotaur but do no damage. You drain the minotaur.
The minotaur is heavily wounded.
The minotaur hits you with a +1 lajatang of speed!
You die...

# ###
###################
### ###
#≈...............≈##
#≈≈..8©8©8©8©8©8..≈≈#
##≈...............≈##
###.##.##.##.##.###
#.##.##.##.##.##
...............#
.##.##.##.##.#
#.##.##@##.##.#
.......H......#
##.###○#.##.### #.#.#
.# #.#.. .. #.##.##.
#∩ .# ## .. #.


You could see a minotaur (drained).

Vanquished Creatures
  4 two-headed ogres
  Erica (D:9)
  A manticore (D:11)
  A large abomination (Gauntlet)
  A gargoyle (D:10)
  A cane toad (Lair:1)
  Maggie (D:7)
  An unseen horror (D:11)
  Psyche (D:8)
  2 komodo dragons
  A troll (D:11)
  Grinder (D:5)
  A hornet (D:10)
  Prince Ribbit (D:5)
  A shadow (D:11)
  A wyvern (D:9)
  A warg (D:10)
  11 yaks
  2 basilisks
  5 steam dragons
  3 small abominations (Gauntlet)
  3 water moccasins
  3 acid dragons
  An orc warrior (D:9)
  A sky beast (D:7)
  2 ice beasts (D:6)
  A black bear (D:7)
  2 wolves (D:10)
  2 centaurs (D:9)
  Blork the orc (D:4)
  3 kobold brigands
  9 bullfrogs
  A scorpion (D:5)
  3 wights (D:10)
  14 killer bees
  4 howler monkeys
  A crimson imp (D:3)
  2 bombardier beetles
  3 hounds (D:6)
  4 jellies
  9 orc priests
  A sleepcap (D:4)
  6 iguanas
  Ijyb (D:4)
  16 orc wizards
  7 gnolls
  11 adders
  4 white imps
  3 dart slugs
  37 orcs
  4 ball pythons
  7 endoplasms
  A giant cockroach (D:3)
  11 goblins
  8 hobgoblins
  3 quokkas
  4 bats
  3 frilled lizards
  2 goblin skeletons (D:3)
  A goblin zombie (D:3)
  4 hobgoblin zombies (D:3)
  17 kobolds
  A kobold skeleton (D:3)
  2 kobold zombies (D:3)
  2 orc skeletons (D:3)
  An orc zombie (D:3)
  3 rats
271 creatures vanquished.

Notes
Turn   | Place    | Note
-------+----------+-------------------------------------------
     0 | D:1      | PublicAnimeNo1 the Demonspawn Alchemist began the quest for
                  | the Orb.
     0 | D:1      | Reached XP level 1. HP: 13/13 MP: 3/3
   328 | D:1      | Gained mutation: You regenerate a little health from kills.
                  | [demonic ancestry]
   328 | D:1      | Reached XP level 2. HP: 19/19 MP: 3/5
   493 | D:1      | Found a faded altar of an unknown god.
   544 | D:1      | Prayed at the altar of an unknown god.
   544 | D:1      | Became a worshipper of Dithmenos the Shadowed
   544 | D:1      | Reached * piety under Dithmenos
  1038 | D:2      | Discovered your monstrous ancestry.
  1038 | D:2      | Gained mutation: You have a pair of small antennae on your
                  | head. [demonic ancestry]
  1038 | D:2      | Reached XP level 3. HP: 24/24 MP: 4/6
  1522 | D:2      | Gained mutation: You have a pair of antennae on your head.
                  | [demonic ancestry]
  1522 | D:2      | Reached XP level 4. HP: 30/30 MP: 3/7
  1853 | D:2      | Identified the +3 quarterstaff "Wuecuusizas" {elec, rC+
                  | Int+4}
  1875 | D:2      | Found Nibewn's Jewellery Shoppe.
  2337 | D:3      | Reached skill level 5 in Alchemy
  2378 | D:3      | Reached ** piety under Dithmenos
  2486 | D:3      | Reached XP level 5. HP: 19/35 MP: 4/8
  2560 | D:3      | Reached skill level 1 in Short Blades
  2616 | D:3      | Noticed Sigmund
  2632 | D:3      | Found a runed translucent door.
  3024 | D:3      | Learned a level 4 spell: Olgreb's Toxic Radiance
  3028 | D:3      | Learned a level 3 spell: Mephitic Cloud
  3216 | D:3      | Noticed Kave's ghost (amateur TrSh)
  3442 | D:4      | Found an iron altar of Okawaru.
  3673 | D:4      | Found a faded altar of an unknown god.
  3673 | D:4      | Found a hazy altar of Hepliaklqana.
  3675 | D:4      | Found a faded altar of an unknown god.
  3798 | D:4      | Noticed Blork the orc
  3809 | D:4      | Killed Blork the orc
  3810 | D:4      | Gained mutation: You have large cloven feet. [demonic
                  | ancestry]
  3810 | D:4      | Reached XP level 6. HP: 23/41 MP: 7/9
  4003 | D:4      | Found a broken altar of Ashenzari.
  4052 | D:4      | Noticed Ijyb
  4081 | D:4      | Killed Ijyb
  4345 | D:5      | Entered Level 5 of the Dungeon
  4623 | D:5      | Found a radiant altar of Vehumet.
  4720 | D:5      | Reached XP level 7. HP: 39/46 MP: 6/10
  4891 | D:5      | Found a shimmering blue altar of Sif Muna.
  4927 | D:5      | Reached *** piety under Dithmenos
  5052 | D:5      | Noticed Prince Ribbit
  5059 | D:5      | Killed Prince Ribbit
  5123 | D:5      | Noticed Grinder
  5153 | D:5      | Killed Grinder
  5154 | D:5      | Reached XP level 8. HP: 29/52 MP: 7/11
  5439 | D:5      | Identified the +4 war axe of Quwnuy {drain, Int+3}
  5537 | D:5      | Found a bloodstained altar of Trog.
  5616 | D:5      | Reached skill level 5 in Stealth
  5936 | D:6      | Noticed a two-headed ogre
  5956 | D:6      | Killed a two-headed ogre
  6097 | D:6      | Found a staircase to the Ecumenical Temple.
  6283 | D:6      | Reached skill level 1 in Invocations
  6283 | D:6      | Gained mutation: You have a pair of large antennae on your
                  | head. (SInv) [demonic ancestry]
  6283 | D:6      | Reached XP level 9. HP: 47/58 MP: 3/12
  6288 | D:6      | Reached skill level 1 in Fighting
  6704 | D:6      | Got the Precepts of Gaseous Translocation
  6757 | D:6      | Found a sacrificial altar of Ru.
  7203 | D:7      | Noticed Maggie
  7212 | D:7      | Killed Maggie
  7703 | D:8      | Noticed Psyche
  7737 | D:8      | Killed Psyche
  7817 | D:8      | Reached **** piety under Dithmenos
  7960 | D:8      | Gained mutation: A meltable shield of frost defends you.
                  | (SH +4) [demonic ancestry]
  7960 | D:8      | Reached XP level 10. HP: 71/71 MP: 16/16
  8621 | D:9      | Learned a level 4 spell: Sticky Flame
  8678 | D:9      | Noticed Erica
  8683 | D:9      | Killed Erica
  8684 | D:9      | Reached skill level 1 in Fire Magic
  8753 | D:9      | Reached skill level 5 in Spellcasting
  8812 | D:9      | Found a shimmering altar of Xom.
  8906 | D:9      | Reached skill level 5 in Fighting
  9090 | D:9      | Found a runed translucent door.
  9090 | D:9      | Found a shimmering altar of Xom.
  9090 | D:9      | Noticed beatlcricket's ghost (novice MiMo)
  9091 | D:9      | Noticed a +2 scimitar of chaos
  9488 | D:9      | Found a shadowy altar of Dithmenos.
  9489 | D:9      | Noticed a two-headed ogre
  9672 | D:9      | Reached skill level 1 in Armour
  9782 | D:9      | Killed a two-headed ogre
 10213 | D:10     | Entered Level 10 of the Dungeon
 10231 | D:10     | Noticed a gargoyle
 10288 | D:10     | Killed a gargoyle
 10340 | D:10     | Found a staircase to the Lair.
 10411 | D:10     | Found a hide-covered altar of Uskayaw.
 10420 | D:10     | Reached ***** piety under Dithmenos
 10453 | D:10     | Noticed a two-headed ogre
 10461 | D:10     | Killed a two-headed ogre
 10462 | D:10     | Reached XP level 11. HP: 81/81 MP: 8/19
 11339 | D:11     | Noticed a two-headed ogre
 11342 | D:11     | Reached skill level 1 in Air Magic
 11352 | D:11     | Killed a two-headed ogre
 11955 | D:11     | Identified a scroll of acquirement
 11955 | D:11     | Acquired 894 gold pieces
 12541 | Lair:1   | Entered Level 1 of the Lair of Beasts
 12903 | Lair:1   | Noticed a seven-headed hydra
 12975 | Lair:1   | Noticed an oklob plant
 13110 | Lair:2   | Found a gate leading to a gauntlet.
 13126 | Gauntlet | Entered a Gauntlet
 13126 | Gauntlet | Found a transporter.
 13132 | Gauntlet | Found a transporter.
 13135 | Gauntlet | Found a transporter.
 13144 | Gauntlet | Found a transporter.
 13147 | Gauntlet | Found a transporter.
 13150 | Gauntlet | Noticed a sixfirhy
 13151 | Gauntlet | Noticed a sixfirhy
 13154 | Gauntlet | Found a runed translucent door.
 13157 | Gauntlet | Found a transporter.
 13159 | Gauntlet | Found a transporter.
 13170 | Gauntlet | Found a transporter.
 13171 | Gauntlet | Found a transporter.
 13173 | Gauntlet | Noticed an occultist
 13177 | Gauntlet | Noticed an occultist
 13179 | Gauntlet | Found a transporter.
 13202 | Gauntlet | Found a transporter.
 13214 | Gauntlet | Found a transporter.
 13227 | Gauntlet | Found a transporter.
 13240 | Gauntlet | Found a transporter.
 13570 | Gauntlet | Noticed a minotaur
 13584 | Gauntlet | Slain by a minotaur

Illustrated notes

Levels and vault maps discovered:
D:1:      co_arrival_random_square_maze, layout_loops_cross,
          hellmonk_ecumenical_altar_blasted
D:2:      layout_basic, serial_shops, shop
D:3:      layout_basic, nicolae_tso_besieged_by_evil,
          ebering_ghost_reflecting_pool, st_stairs_3, minmay_unequal,
          uniq_sigmund
D:4:      layout_rooms, nicolae_hepliaklqana_ecumenical_no_more,
          kennysheep_okawaru_gauntlet,
          mainiacjoe_overflow_concentric_impassable, uniq_ijyb,
          uniq_blork_the_orc
D:5:      layout_basic, mainiacjoe_overflow_catch_the_wave, led_sif_book,
          lightli_temple_of_fire, uniq_prince_ribbit1, uniq_crazy_yiuf_cottage,
          uniq_grinder
D:6:      layout_basic, lemuel_tele_altar, minmay_temple_entry_gardened_gates
D:7:      layout_rooms, uniq_maggie
D:8:      layout_gridville, uniq_psyche
D:9:      layout_loops_corners, ebering_ghost_xom, hangedman_feature_mirror,
          uniq_erica
D:10:     layout_basic, mainiacjoe_overflow_alcove_1, erik_lair_orcish_takeover,
          serial_aquarium, aquarium_bridge_square [aquarium_subvault_window,
          aquarium_subvault_bridge, aquarium_subvault_bridge,
          aquarium_subvault_wall], aquarium_window_corridor_2,
          aquarium_window_2, aquarium_window_2, aquarium_window_fake,
          aquarium_view_2e, aquarium_view_2d, wad_floor_pattern_1
D:11:     layout_stronghold, hangedman_decor_slide_cut, minmay_misc_feat_tiny
D:12:     layout_roguey, orc_0_dummy, uniq_frances, uniq_azrael, uniq_snorg
Lair:1:   beast_lair_carwin_large_2, layout_big_grid, minmay_lair_oklob_bushes,
          columned_hall_lemuel, nicolae_lair_lakeside_cave
Lair:2:   layout_loops_ring, gauntlet_entry_generic, basic_altar
Gauntlet: gammafunk_gauntlet_77_escape_option
          [minmay_gauntlet_arena_77_checkered, minmay_gauntlet_arena_77_fan,
          minmay_gauntlet_arena_77_path, minmay_gauntlet_arena_77_box,
          minmay_gauntlet_arena_77_mess, gauntlet_exit_green]

Skill      XL: |  1  2  3  4  5  6  7  8  9 10 11 |
---------------+----------------------------------+-----
Stealth        | 2 3 4 6 7 8 9 |  9.9
Alchemy        | 4 5 6 7 9 |  9.5
Short Blades   | 1 2 3 4 |  4.0
Invocations    | 1 4 |  4.3
Fighting       | 4 5 6 |  6.0
Spellcasting   | 4 5 6 |  6.0
Dodging        | 2 4 |  4.0
Fire Magic     | 3 4 |  4.0
Armour         | 2 4 |  4.0
Air Magic      | 4 |  4.0
Conjurations   | 4 |  4.0

Action                     |  1- 3 |  4- 6 |  7- 9 | 10-12 || total
---------------------------+-------+-------+-------+-------++-------
  Melee: Short sword       |    23 |       |       |       ||    23
         Unarmed           |     2 |       |       |       ||     2
         Dagger            |    10 |   129 |   152 |   179 ||   470
         Kick              |       |    11 |    45 |    51 ||   107
         Punch             |       |       |       |     1 ||     1
         Staff             |       |       |       |     4 ||     4
   Cast: Sting             |    57 |    70 |    47 |    17 ||   191
         Olgreb's Toxic Ra |       |       |    17 |    47 ||    64
         Mephitic Cloud    |       |       |     2 |    11 ||    13
         Sticky Flame      |       |       |       |    15 ||    15
 Invoke: Shadow Step       |       |       |     1 |       ||     1
  Evoke: Wand              |       |     2 |     4 |     4 ||    10
    Use: Scroll            |       |    10 |     8 |     4 ||    22
         Potion            |       |     2 |       |     3 ||     5
   Stab: Sleeping          |       |     2 |     5 |     9 ||    16
         Confused          |       |       |     1 |     1 ||     2
         Distracted        |       |       |       |     1 ||     1
         Invisible         |       |       |       |     1 ||     1
 Armour: Leather armour    |    25 |    70 |    30 |       ||   125
         Acid dragon scale |       |       |    44 |    92 ||   136
         Skin              |       |       |     1 |       ||     1
  Dodge: Dodged            |    31 |    66 |    73 |   143 ||   313
  Block: Other             |       |       |       |    28 ||    28

Table legend: (Time is in decaauts)
 A = Elapsed time spent in this place.
 B = Non-inter-level travel time spent in this place.
 C = Inter-level travel time spent in this place.
 D = Time resting spent in this place.
 E = Time spent auto-exploring this place.
 F = Levels seen in this place.
 G = Mean time per level.
                   A        B        C        D        E       F      G
               +--------+--------+--------+--------+--------+-----+--------+
         Total |  13529 |  13084 |    445 |   1804 |   9236 |  15 |  901.9 |
       Dungeon |  12500 |  12073 |    427 |   1549 |   8808 |  12 | 1041.7 |
          Lair |    575 |    557 |     18 |     77 |    324 |   2 |  287.5 |
      Gauntlet |    453 |    453 |      0 |    178 |    104 |   1 |  453.0 |
               +--------+--------+--------+--------+--------+-----+--------+

Top non-repeatable levels by time:
     D:9: 1589 daAuts
     D:5: 1419 daAuts
     D:3: 1392 daAuts
    D:11: 1374 daAuts
     D:2: 1118 daAuts
     D:6: 1008 daAuts
     D:1: 970 daAuts
     D:4: 956 daAuts
    D:10: 942 daAuts
     D:8: 891 daAuts
     D:7: 829 daAuts
  Lair:1: 541 daAuts
Gauntlet: 453 daAuts
  Lair:2: 34 daAuts
    D:12: 7 daAuts
